 Dungeon Crawl Stone Soup version 0.27.1-34-g3ba077fa99 (webtiles) character file.

Game seed: 6051434922740307001

11 zeram the Sneak (level 2, -1/17 HPs)
             Began as an Octopode Enchanter on Jan 2, 2022.
             Slain by a kobold (4 damage)
             ... on level 1 of the Dungeon.
             The game lasted 00:01:00 (650 turns).

zeram the Sneak (Octopode Enchanter)                 Turns: 650, Time: 00:01:01

Health: -1/17      AC:  1    Str:  7    XL:     2   Next: 29%
Magic:  5/5        EV: 12    Int: 17    God:
Gold:   12         SH:  3    Dex: 12    Spells: 4/5 levels left

rFire    . . .     SeeInvis .   a - +1 dagger
rCold    . . .     Faith    .   d - +0 buckler
rNeg     . . .     Spirit   .   (helmet restricted)
rPois    .         Reflect  .   (no amulet)
rElec    .         Harm     .   (no ring)
rCorr    .         Rampage  .   (no ring)
Will     .....                  (no ring)
Stlth    ++++......             (no ring)
HPRegen  0.05/turn              (no ring)
MPRegen  0.09/turn              (no ring)
                                (no ring)
                                (no ring)

@: no status effects
A: almost no armour, amphibious, 8 rings, camouflage 1, gelatinous body 1,
(nimble swimmer 1), tentacles
a: no special abilities


You were on level 1 of the Dungeon.
You visited 1 branch of the dungeon, and saw 1 of its levels.

You collected 12 gold pieces.

Inventory:

Hand Weapons
 a - a +1 dagger (weapon)
Armour
 d - a +0 buckler (worn)
Scrolls
 c - a scroll of enchant weapon {unknown}
Potions
 b - a potion of attraction {unknown}
 e - a potion of flight {unknown}


   Skills:
 - Level 1.0 Short Blades
 - Level 2.0 Dodging
 + Level 4.8 Stealth
 - Level 2.0 Spellcasting
 - Level 3.1 Hexes


You had 4 spell levels left.
You knew the following spells:

 Your Spells              Type           Power      Damage    Failure   Level
a - Corona                Hex            13%        N/A       9%          1

Your spell library contained the following spells:

 Spells                   Type           Power      Damage    Failure   Level
 Ensorcelled Hibernation  Hex/Ice        14%        N/A       26%         2
 Confusing Touch          Hex            12%        N/A       26%         3
 Tukima's Dance           Hex            12%        N/A       26%         3
 Dazzling Flash           Conj/Hex       14%        N/A       45%         3


Dungeon Overview and Level Annotations

Branches:
Dungeon (1/15)

Altars:


Innate Abilities, Weirdness & Mutations

You cannot wear most types of armour.
You are amphibious.
You can wear up to eight rings at the same time.
Your skin changes colour to match your surroundings (Stealth+).
Your rubbery body absorbs attacks. (AC +1, EV +1)
((You are camouflaged near water. (Stealth+)))
You have tentacles for arms and can constrict up to eight enemies at once.


Message History

You hit the jackal but do no damage. You grab the jackal.
The jackal is almost dead.
You constrict the jackal, but do no damage.
The jackal bites you. x2
You are too injured to fight recklessly!
You are too injured to fight recklessly!
You are too injured to fight recklessly!
You hit the jackal.
You kill the jackal!
You hit the jackal but do no damage. You grab the jackal.
You constrict the jackal, but do no damage.
The jackal bites you.
* * * LOW HITPOINT WARNING * * *
The jackal closely misses you.
You hit the jackal.
The jackal is moderately wounded.
You constrict the jackal. The jackal closely misses you.
You barely miss the jackal. Your squeeze misses the jackal.
The jackal is heavily wounded.
You constrict the jackal, but do no damage.
You block the jackal's attack.
Unknown command.
You hit the jackal but do no damage.
The jackal is heavily wounded.
You constrict the jackal.
You kill the jackal!
You hit the kobold but do no damage. Your grab misses the kobold.
You block the kobold's attack.
Your shield prevents you from hitting the kobold.
You grab the kobold. You constrict the kobold. You block the kobold's attack.
You barely miss the kobold.
The kobold is moderately wounded.
You constrict the kobold, but do no damage.
The kobold hits you with a +0 dagger.
* * * LOW HITPOINT WARNING * * *
Unknown command.
You hit the kobold but do no damage.
The kobold is moderately wounded.
You constrict the kobold. The kobold hits you with a +0 dagger.
You die...

..# #......###r######.....#.#..
..#####......##.h#............#..
..†#.##.........K..#######.......
#.....#......###.### ...#.....
#.##..####.......# #.#.#.....
......###..#.#..## #.. #....g
...........#.#.rg# . #.....
....>.#..###'###K# #.....
..^##....#.8.8.#@# #.....
..####...#.....#.#
.####....#.....#.#
.#....##.#.8.8.###
...#####.#.....# .###
###.....######### .#
#..8.8..'......# .#
##.....######### .# #8.....8#


You could see a hobgoblin, a kobold and a rat.

Vanquished Creatures
  A dart slug (D:1)
  A goblin (D:1)
  3 jackals (D:1)
  A kobold (D:1)
  A frilled lizard (D:1)
  2 rats (D:1)
9 creatures vanquished.

Notes
Turn   | Place    | Note
-------+----------+-------------------------------------------
     0 | D:1      | zeram the Octopode Enchanter began the quest for the Orb.
     0 | D:1      | Reached XP level 1. HP: 11/11 MP: 3/3
   405 | D:1      | Reached XP level 2. HP: 7/17 MP: 5/5
   650 | D:1      | Slain by a kobold

Illustrated notes

Levels and vault maps discovered:
D:1:      elethiomel_arrival_quiet, layout_rooms,
          shapermc_ecumenical_altar_flowoftime

Action                   || total
-------------------------++-------
Melee: Dagger            ||    39
       Constrict         ||     9
       Tentacles         ||     2
 Stab: Sleeping          ||     2
Armor: Skin              ||     3
Dodge: Dodged            ||    29
Block: Buckler           ||     5
